 Dungeon Crawl Stone Soup version 0.30.0-29-ga12c61a403 (webtiles) character file.

Game seed: 16721490701364691196

89 qw the Chopper (level 4, 0/28 HPs)
             Began as a Gargoyle Fighter on June 4, 2023.
             Slain by an orc wizard
             ... wielding a +0 dagger
              (1 damage)
             ... on level 3 of the Dungeon.
             The game lasted 00:00:56 (1692 turns).

qw the Chopper (Gargoyle Fighter)                   Turns: 1692, Time: 00:00:56

Health: 0/28       AC: 10    Str: 22    XL:     4   Next: 55%
Magic:  4/4        EV:  9    Int:  8    God:
Gold:   104        SH:  4    Dex:  9    Spells: 3/3 levels left

rFire   . . .        Y - +0 war axe
rCold   + . .        c - +0 buckler
rNeg    + . .        b - +0 scale mail
rPois   inf          (no helmet)
rElec   +            (no cloak)
rCorr   .            (no gloves)
SInv    .            (no boots)
Will    .....        (no amulet) Stlth
                     j - ring of protection from cold
HPRegen 0.24/turn    (no ring)
MPRegen 0.09/turn

%: no passive effects
@: no status effects
A: sickness immunity, AC +3, negative energy resistance 1, electricity
resistance, torment resistance 1, petrification resistance
a: no special abilities


You were on level 3 of the Dungeon.
You visited 1 branch of the dungeon, and saw 3 of its levels.

You collected 124 gold pieces.
You spent 20 gold pieces at shops.


Innate Abilities, Weirdness & Mutations

You are immune to sickness and miasma.
Your stone body is resilient. (AC +3)
You are immune to poison.
You resist negative energy. (rN+)
You are resistant to electric shocks. (rElec)
You are resistant to unholy torment.
You are immune to petrification.


   Skills:
 - Level 3.2 Fighting
 + Level 4.2 Axes
 - Level 3.2 Armour
 - Level 3.2 Shields


You had 3 spell levels left.
You didn't know any spells.
Your spell library was empty.

Inventory:

Hand Weapons
 f - a +0 whip
 Y - a +0 war axe (weapon)
Armour
 b - a +0 scale mail (worn)
 c - a +0 buckler (worn)
Jewellery
 j - a ring of protection from cold (left hand)
Scrolls
 e - a scroll of identify
Potions
 d - a potion of might
 g - 2 potions of cancellation
 i - a potion of haste {unknown}

Dungeon Overview and Level Annotations

Branches:
Dungeon (3/15)

Altars:

Shops:
D:1 ?


Message History

You hit the orc.
The orc is heavily wounded.
You miss something.
The orc wizard mumbles some strange words.
The orc wizard flickers and vanishes!
The orc barely misses you.
You hear some strange, mumbled words.
You are confused.
You hear a shout!
A kobold comes into view.
It is wielding a +1 dagger of electrocution.
The orc hits you with a +0 flail.
An orc comes into view. It is wielding a +0 dagger.
Something hits you but does no damage. Something hits you but does no damage.
The orc barely misses you.
The endoplasm hits you but does no damage.
The orc completely misses you. Something hits you.
The orc hits you with a +0 flail.
The endoplasm hits you but does no damage.
You feel less confused. The endoplasm freezes you.
You are frozen.
You resist. The orc hits you with a +0 flail.
You hear some strange, mumbled words.
Something tries to affect you, but you resist.
You closely miss the orc.
The orc is heavily wounded.
You closely miss something. x2; You hit the endoplasm but do no damage.
The endoplasm closely misses you.
You hear some strange, mumbled words.
A magic dart appears from out of thin air!
The magic dart hits you. The orc hits you with a +0 flail!
You hear some strange, mumbled words.
Something tries to affect you, but you resist.
You slash the orc!
You kill the orc!
You slash the endoplasm!
You kill the endoplasm!
You miss something. You closely miss something.
Something hits you but does no damage. x2
The kobold hits you with a +1 dagger of electrocution.
Something hits you.
You die...

#.....####....
#<......# ..
##..###... #
#.. ##...#
.#... ##..##
.#.#
#...###...#
#.#..#.o.#
...##.#K..#
###.##.@...#
#..#%{.....#
........##...
....#.#... #
....$.#.......
......#........
...............
......#........


You could see an orc and a kobold.

Vanquished Creatures
  3 adders
  2 worms (D:2)
  3 dart slugs (D:1)
  3 orcs (D:3)
  2 ball pythons
  8 endoplasms
  3 giant cockroaches
  2 goblins
  3 hobgoblins
  2 jackals (D:2)
  3 bats
  5 frilled lizards
  9 kobolds
  4 rats
52 creatures vanquished.

Notes
Turn   | Place    | Note
-------+----------+-------------------------------------------
     0 | D:1      | qw the Gargoyle Fighter began the quest for the Orb.
     0 | D:1      | Reached XP level 1. HP: 14/14 MP: 1/1
     0 | D:1      | 0 ||| qw: Version: 0.2-a-107-g4668610
     0 | D:1      | 0 ||| qw: Game counter: 1299
     0 | D:1      | 0 ||| qw: Always use a shield: true
     0 | D:1      | 0 ||| qw: God list: Okawaru
     0 | D:1      | 0 ||| qw: Allow faded altars: false
     0 | D:1      | 0 ||| qw: Do Orc after D:15 true
     0 | D:1      | 0 ||| qw: Do second Lair branch before Depths: true
     0 | D:1      | 0 ||| qw: Lair rune preference: random
     0 | D:1      | 0 ||| qw: Plans: Normal, Zot:1-4, Slime:5, God:TSO, Crypt,
                  | Tomb, Abyss, Pan, Hells, Win
     0 | D:1      | 0 ||| PLANNING D:1-11
    12 | D:1      | 12 ||| Stepping ~*~*~tactically~*~*~ (hiding).
    23 | D:1      | Reached skill level 2 in Axes
   139 | D:1      | Reached XP level 2. HP: 19/19 MP: 2/2
   173 | D:1      | Found Saimifer's Magic Scroll Shop.
   183 | D:1      | 183 ||| SHOPLISTING scroll of brand weapon (95 gold, have
                  | 20).
   183 | D:1      | 183 ||| BUYING scroll of identify (20 gold).
   183 | D:1      | Bought a scroll of identify for 20 gold pieces
   183 | D:1      | 183 ||| SHOPLISTING scroll of identify (20 gold, have 0).
   183 | D:1      | 183 ||| SHOPLISTING scroll of teleportation (30 gold, have
                  | 0).
   192 | D:1      | 192 ||| Stepping ~*~*~tactically~*~*~ (stealth).
   208 | D:1      | 208 ||| Stepping ~*~*~tactically~*~*~ (hiding).
   216 | D:1      | 216 ||| Stepping ~*~*~tactically~*~*~ (stealth).
   294 | D:1      | 294 ||| Stepping ~*~*~tactically~*~*~ (stealth).
   295 | D:1      | 295 ||| Stepping ~*~*~tactically~*~*~ (stealth).
   368 | D:1      | 368 ||| Stepping ~*~*~tactically~*~*~ (stealth).
   369 | D:1      | 369 ||| Stepping ~*~*~tactically~*~*~ (stealth).
   378 | D:1      | Reached skill level 3 in Axes
   523 | D:1      | Reached XP level 3. HP: 23/23 MP: 3/3
  1153 | D:2      | 1153 ||| Stepping ~*~*~tactically~*~*~ (stealth).
  1327 | D:2      | Reached XP level 4. HP: 27/28 MP: 4/4
  1360 | D:2      | 1360 ||| Stepping ~*~*~tactically~*~*~ (hiding).
  1361 | D:2      | 1361 ||| Stepping ~*~*~tactically~*~*~ (hiding).
  1547 | D:2      | Reached skill level 4 in Axes
  1648 | D:2      | 1648 ||| UPGRADING to ring of protection from cold.
  1649 | D:2      | 1649 ||| READING scroll labelled ZEXZET ROROP.
  1650 | D:2      | 1650 ||| READING scroll labelled SUIPHO BI HUGG.
  1651 | D:2      | 1651 ||| DRINKING 3 glowing clear potions.
  1691 | D:3      | HP: 1/28 [orc/+0 flail (7)]
  1692 | D:3      | Slain by an orc wizard

Levels and vault maps discovered:
D:1:      heliophobic_arrival_enchanted_forest, layout_basic, serial_shops, shop
D:2:      minmay_alternating_diamond, layout_rooms, minmay_misc_feat_iff
D:3:      layout_rooms, st_stairs_9

Skill      XL: |  1  2  3  4 |
---------------+-------------+-----
Axes           | 2 3 4 |  4.2
Fighting       | |  3.2
Armour         | |  3.2
Shields        | |  3.2

Action                     |  1- 3 |  4- 6 || total
---------------------------+-------+-------++-------
  Melee: War axe           |    97 |    28 ||   125
    Use: Scroll            |       |     2 ||     2
         Potion            |       |     1 ||     1
 Armour: Scale mail        |    32 |    21 ||    53
  Dodge: Dodged            |    42 |    16 ||    58
  Block: Buckler           |    16 |     8 ||    24

Table legend:
 A = Non-vault XP
 B = Vault XP
 C = Vault XP percentage of total XP
 D = Non-vault monster count
 E = Vault monster count
 F = Vault count percentage of total count
                 A         B        C        D         E       F
            +---------+---------+-------+---------+---------+-------
      Total |     123 |      10 |   7.5 |      48 |       4 |   7.7
            +---------+---------+-------+---------+---------+-------
        D:1 |      41 |       0 |   0.0 |      23 |       0 |   0.0
        D:2 |      54 |      10 |  15.6 |      18 |       4 |  18.2
        D:3 |      28 |       0 |   0.0 |       7 |       0 |   0.0
            +---------+---------+-------+---------+---------+-------
